AoeStats
← BuMm

MegaRandom

510147334Analyzed
4v4 RM · 3d ago on Sep 29, 2026· 54m 38s· 8 players
Game mode
Random Map
Map size
Large (8 player)
Population
200
Speed
Normal
Resources
Standard
Victory
Conquest
Starting age
Dark Age
Ending age
Imperial Age
RankedLock teamsTeams togetherTeam positionsShared explorationLock speedFull tech treeHidden civsTurbo modeCheats
Victory
Defeat
🇩🇪 Vietnamese · Germany
1452
+11
🇩🇪 Varangians · Germany
1434
+12
🇩🇪 Mongols · Germany
1396
+13
🇩🇪 Persians · Germany
1303
+18
🇦🇷 Khmer · Argentina
1377
-15
🇻🇳 Burgundians · Vietnam
1357
-14
🇳🇿 Gurjaras · New Zealand
1320
-13
🇯🇵 Sicilians · Japan
1311
-12
sada-aki
9:23 Loom
12:16 Feudal Age
12:43 Double-Bit Axe
12:39 Horse Collar
15:19 Forging
15:09 Scale Mail Armor
17:47 Castle Age
17:03 Scale Mail Armor
18:34 Forging
21:54 Chain Mail Armor
23:12 Stone Mining
23:46 Squires
23:52 Gambesons
29:51 Gold Mining
33:53 Iron Casting
33:41 Bow Saw
37:28 Imperial Age
35:21 Arson
38:39 Plate Mail Armor
39:14 Blast Furnace
37:39 Elite Serjeant
42:47 Pikeman
48:49 Fletching
48:59 Padded Archer Armor
49:18 Elite Skirmisher
BuMm
10:56 Feudal Age
11:12 Loom
14:42 Castle Age
13:22 Double-Bit Axe
13:42 Horse Collar
15:29 Husbandry
16:08 Bloodlines
17:14 Bow Saw
18:33 Scale Barding Armor
19:31 Forging
22:38 Iron Casting
23:06 Wheelbarrow
25:55 Chain Barding Armor
26:14 Town Watch
27:37 Gold Mining
28:39 Town Patrol
28:58 Hand Cart
29:13 Heavy Plow
38:43 Imperial Age
37:37 Fletching
38:43 Bodkin Arrow
40:00 Plate Barding Armor
40:26 Blast Furnace
38:52 Cavalier
41:00 Chemistry
40:27 Conscription
41:26 Bracer
41:42 Padded Archer Armor
42:32 Gold Shaft Mining
41:48 Stone Mining
43:58 Ballistics
43:50 Elite Ballista Elephant
45:35 Double Crossbow
45:03 Light Cavalry
aloofIy
7:36 Loom
10:36 Feudal Age
13:28 Double-Bit Axe
14:49 Fletching
15:01 Horse Collar
22:50 Castle Age
21:53 Stone Mining
21:54 Gold Mining
25:00 Bow Saw
25:39 Wheelbarrow
26:01 Fervor
34:49 Kshatriyas
42:23 Imperial Age
41:33 Scale Mail Armor
41:43 Forging
42:24 Bodkin Arrow
42:44 Chain Mail Armor
43:52 Iron Casting
43:42 Conscription
43:31 Heavy Plow
46:33 Elite Chakram Thrower
48:18 Hand Cart
47:49 Town Watch
49:00 Plate Mail Armor
48:14 Light Cavalry
49:04 Bloodlines
48:57 Husbandry
48:58 Hussar
51:08 Ballistics
51:34 Scale Barding Armor
51:29 Bracer
Melodies of Life
7:33 Loom
9:57 Feudal Age
9:40 Double-Bit Axe
12:11 Bow Saw
12:04 Horse Collar
13:26 Wheelbarrow
13:44 Heavy Plow
16:20 Town Watch
19:10 Hand Cart
22:39 Scale Barding Armor
22:46 Forging
26:22 Castle Age
30:47 Two-Man Saw
30:22 Crop Rotation
31:02 Gold Mining
32:16 Chain Barding Armor
34:04 Iron Casting
34:10 Gold Shaft Mining
34:47 Burgundian Vineyards
38:19 Imperial Age
38:27 Elite Coustillier
40:24 Plate Barding Armor
41:39 Blast Furnace
43:15 Conscription
44:37 Pikeman
45:18 Squires
45:03 Arson
45:20 Scale Mail Armor
45:36 Halberdier
52:33 Fletching
53:05 Ballistics
Parry Hotter
9:52 Feudal Age
10:53 Horse Collar
10:59 Double-Bit Axe
11:00 Loom
15:50 Gold Mining
16:45 Fletching
23:54 Castle Age
23:52 Wheelbarrow
23:44 Padded Archer Armor
24:38 Bodkin Arrow
24:04 Crossbowman
25:31 Leather Archer Armor
27:22 Hand Cart
28:36 Town Watch
30:03 Gold Shaft Mining
29:40 Bow Saw
31:56 Thumb Ring
33:34 Masonry
36:32 Imperial Age
37:06 Arbalester
38:20 Ballistics
39:01 Chemistry
38:32 Capped Ram
39:45 Bracer
42:39 Conscription
42:31 Heavy Plow
46:08 Siege Ram
46:15 Light Cavalry
47:05 Bloodlines
47:01 Onager
48:57 Siege Engineers
49:38 Drill
49:17 Siege Onager
Philosopher Stoned
10:18 Feudal Age
8:38 Loom
10:25 Feudal Age
15:37 Castle Age
14:54 Double-Bit Axe
17:30 Horse Collar
19:42 Wheelbarrow
22:24 Gold Mining
25:43 Bloodlines
27:17 Husbandry
27:27 Scale Barding Armor
29:31 Chain Barding Armor
31:13 Light Cavalry
33:52 Forging
35:41 Hand Cart
36:21 Heavy Plow
41:06 Imperial Age
38:57 Devotion
39:00 Stone Mining
39:48 Gold Shaft Mining
41:36 Pikeman
42:19 Scale Mail Armor
42:54 Iron Casting
42:22 Squires
41:48 Heavy Camel Rider
43:04 Bow Saw
43:25 Crop Rotation
42:23 Halberdier
44:05 Fletching
46:25 Chain Mail Armor
47:12 Blast Furnace
46:21 Bodkin Arrow
47:22 Town Watch
48:10 Plate Mail Armor
50:43 Plate Barding Armor
50:21 Citadels
50:32 Conscription
50:12 Hussar
Fresh Dumbledore
7:35 Loom
9:41 Feudal Age
10:32 Double-Bit Axe
12:05 Horse Collar
15:16 Bloodlines
23:07 Castle Age
21:15 Scale Barding Armor
22:05 Forging
23:54 Heavy Plow
24:05 Bow Saw
23:54 Light Cavalry
25:11 Chain Barding Armor
29:43 Wheelbarrow
30:45 Husbandry
32:05 Iron Casting
32:04 Hand Cart
33:51 Gold Mining
33:51 Stone Mining
37:16 Imperial Age
36:39 Vendel Legacy
37:13 Stone Mining
38:35 Plate Barding Armor
37:41 Cavalier
41:03 Blast Furnace
40:26 Hussar
49:22 Coinage
49:57 Two-Man Saw
51:53 Conscription
52:16 Fletching
52:56 Town Watch
54:04 Crop Rotation
MCHagrid
7:28 Loom
10:34 Feudal Age
13:33 Fletching
13:44 Padded Archer Armor
23:32 Castle Age
22:14 Double-Bit Axe
22:09 Horse Collar
22:21 Gold Mining
23:29 Wheelbarrow
23:39 Crossbowman
24:36 Bodkin Arrow
25:45 Hand Cart
30:07 Town Watch
32:08 Bow Saw
33:00 Thumb Ring
36:13 Leather Archer Armor
36:20 Ballistics
36:12 Clinker Construction
37:13 Thumb Ring
45:05 Imperial Age
42:49 Murder Holes
43:55 Pikeman
44:36 Squires
44:59 Scale Mail Armor
45:10 Forging
45:21 Town Patrol
45:31 Heavy Plow
45:55 Leather Archer Armor
45:56 Chain Mail Armor
45:10 Halberdier
48:58 Plate Mail Armor
50:04 Paper Money
50:43 Bracer
51:19 Iron Casting
50:17 Arbalester
54:20 Ring Archer Armor
Connection lost

Rejoining the realm…

Still unreachable

The connection could not be restored.

Session expired

The server has moved on; the page needs a fresh start.